 Dungeon Crawl Stone Soup version 0.29.1-13-g9f3cf754e1 (webtiles) character file.

Game seed: 1793829891700601148

5284 Oxelix the Basher (level 10, -18/96 (99) HPs)
             Began as a Minotaur Fighter on Jan 19, 2023.
             Was a Priest of the Shining One.
             Demolished by a boulder beetle (48 damage)
             ... on level 8 of the Dungeon.
             The game lasted 00:14:27 (8554 turns).

Oxelix the Basher (Minotaur Fighter)                Turns: 8554, Time: 00:14:27

HP:   -18/96 (99)   AC: 12    Str: 30    XL:     10   Next: 37%
MP:   9/9           EV:  7    Int:  5    God:    the Shining One [***...]
Gold: 354           SH:  4    Dex: 11    Spells: 9/9 levels left

rFire   . . .      SeeInvis .   a - +0 flail
rCold   . . .      Faith    .   c - +0 buckler
rNeg    + . .      Spirit   .   q - +0 plate armour
rPois   .          Reflect  .   (helmet restricted)
rElec   .          Harm     .   (no cloak)
rCorr   .          Rampage  .   o - +0 pair of gloves
Will    .....                   (no boots)
Stlth   ..........              (no amulet)
HPRegen 0.26/turn               l - +6 ring of strength
MPRegen 0.11/turn               (no ring)

@: glowing, lightly drained
A: horns 2, retaliatory headbutt
a: Renounce Religion, Divine Shield, Cleansing Flame


You were on level 8 of the Dungeon.
You worshipped the Shining One.
The Shining One was most pleased with you.
You visited 1 branch of the dungeon, and saw 8 of its levels.

You collected 354 gold pieces.

Inventory:

Hand Weapons
 a - a +0 flail (weapon)
 E - a +3 dire flail
 M - a +4 battleaxe
Missiles
 v - 3 atropa-tipped darts
 y - a throwing net
 J - 4 poisoned darts
 K - 4 boomerangs (quivered)
Armour
 b - a +0 scale mail
 c - a +0 buckler (worn)
 o - a +0 pair of gloves (worn)
 q - a +0 plate armour (worn)
 x - the +0 ring mail "Dukhaity" {rElec rCorr}
   (You found it on level 6 of the Dungeon)

   rElec:     It insulates you from electricity.
   rCorr:     It protects you from acid and corrosion.
 L - a +0 cloak
Jewellery
 l - a +6 ring of strength (left hand)
Wands
 d - a wand of digging (10)
 A - a wand of flame (9)
 F - a wand of iceblast (22)
Scrolls
 j - a scroll of enchant weapon {unknown}
 k - 5 scrolls of teleportation {unknown}
 m - 2 scrolls of fear {unknown}
 n - 5 scrolls of identify {unknown}
 s - a scroll of summoning {unknown}
 t - 3 scrolls of vulnerability {unknown}
 z - 3 scrolls of magic mapping {unknown}
 B - a scroll of enchant armour {unknown}
 C - a scroll of butterflies {unknown}
 G - a scroll of amnesia {unknown}
 H - a scroll of torment {unknown}
 I - a scroll of blinking {unknown}
Potions
 e - 4 potions of degeneration {unknown}
 f - a potion of ambrosia {unknown}
 g - 3 potions of mutation {unknown}
 h - 4 potions of flight {unknown}
 i - 8 potions of curing {unknown}
 p - a potion of magic {unknown}
 r - a potion of resistance {unknown}
 u - a potion of brilliance {unknown}
 w - 2 potions of invisibility {unknown}
 D - 3 potions of heal wounds {unknown}


   Skills:
 + Level 12.5 Fighting
 - Level 14.0 Maces & Flails
 - Level 3.6 Armour
 - Level 3.6 Shields


You had 9 spell levels left.
You didn't know any spells.
Your spell library contained the following spells:

 Spells                   Type           Power      Damage    Failure   Level
 Magic Dart               Conj           0%         1d3       100%        1
 Shock                    Conj/Air       0%         1d3       100%        1
 Slow                     Hex            0%         N/A       100%        1
 Call Imp                 Summ           0%         N/A       100%        2
 Confusing Touch          Hex            0%         N/A       100%        3
 Mephitic Cloud           Conj/Pois/Air  0%         N/A       100%        3
 Stone Arrow              Conj/Erth      0%         3d7       100%        3
 Vampiric Draining        Necr           0%         2d6       100%        3
 Animate Armour           Summ/Erth      0%         N/A       100%        4
 Lehudib's Crystal Spear  Conj/Erth      0%         10d2      100%        8


Dungeon Overview and Level Annotations

Branches:
Dungeon (8/15)             Temple (0/1) D:6
   Lair: D:8-11

Altars:
Qazlal
Yredelemnul
Zin
The Shining One

Shops:
D:4 *


Innate Abilities, Weirdness & Mutations

You have a pair of horns on your head.
You reflexively headbutt those who attack you in melee.


Message History

The boulder beetle is lightly wounded.
You sock the boulder beetle!
The boulder beetle is moderately wounded.
The boulder beetle bites you!
You hit the boulder beetle but do no damage.
You headbutt the boulder beetle!
The boulder beetle is heavily wounded.
The boulder beetle bites you.
You hit the boulder beetle.
You headbutt the boulder beetle, but do no damage.
The boulder beetle is heavily wounded.
The boulder beetle bites you!
You hit the boulder beetle but do no damage.
The boulder beetle is heavily wounded.
You hit the boulder beetle.
The boulder beetle is heavily wounded.
The boulder beetle bites you but does no damage.
You hit the boulder beetle but do no damage.
The boulder beetle is heavily wounded.
The boulder beetle bites you!
* * * LOW HITPOINT WARNING * * *
You sock the boulder beetle! You headbutt the boulder beetle.
The boulder beetle is severely wounded.
The boulder beetle leaps!
Throw: 4 boomerangs
Press: ? - help, Q - select action, (/) - cycle Shift-Dir - straight line, f/p - boulder beetle
Aim: a boulder beetle (severely wounded, 90% to hit)
You throw a boomerang.
The boomerang hits the boulder beetle but does no damage.
The boulder beetle is severely wounded.
Throw: 4 boomerangs
Press: ? - help, Q - select action, (/) - cycle Shift-Dir - straight line, f/p - boulder beetle
Aim: a boulder beetle (severely wounded, 90% to hit)
You throw a boomerang.
The boomerang hits the boulder beetle but does no damage.
The boulder beetle is severely wounded.
The boulder beetle curls into a ball and begins rolling!
The boulder beetle hits you!!!
Ouch! That really hurt!
You die...

# ### .. ..# #.
#.# ..####.# .
...#.#
....######...###
........).<....#
....#####...@B.#
. ##.#.#○### ###
#.#.#.°.###..
#...#.#°.##.#
#####.##÷##.#
..##[)#.###
######)))..#
###).>...#
..####.#


You could see a boulder beetle (rolling).

Vanquished Creatures
  Maurice (D:8)
  Psyche (D:8)
  Prince Ribbit (D:5)
  Sigmund (D:4)
  6 yaks
  2 steam dragons
  Menkaure (D:5)
  Edmund (D:4)
  3 water moccasins
  A sky beast (D:7)
  A black bear (D:7)
  3 ogres
  2 centaurs
  A phantom (D:4)
  4 bullfrogs
  A necrophage (D:7)
  A scorpion (D:5)
  A wyvern zombie (D:6)
  9 wights
  An electric eel (D:6)
  A howler monkey (D:8)
  3 jellies
  2 bullfrog zombies (D:6)
  4 hounds
  2 gnoll boudas (D:7)
  3 orc priests
  Ijyb (D:3)
  3 iguanas
  2 orc wizards
  A killer bee zombie (D:6)
  3 howler monkey zombies (D:6)
  10 adders
  15 gnolls
  2 river rats (D:6)
  4 white imps
  2 ufetubi (D:5)
  5 worms (D:6)
  2 dart slugs
  18 orcs
  12 endoplasms
  4 giant cockroaches
  10 goblins
  5 hobgoblins
  2 jackals (D:1)
  9 kobolds
  3 quokkas (D:1)
  12 ball pythons
  6 bats
  3 frilled lizards
  13 rats
204 creatures vanquished.

Vanquished Creatures (others)
  A plant (D:2)
1 creature vanquished.

Grand Total: 205 creatures vanquished

Notes
Turn   | Place    | Note
-------+----------+-------------------------------------------
     0 | D:1      | Oxelix the Minotaur Fighter began the quest for the Orb.
     0 | D:1      | Reached XP level 1. HP: 19/19 MP: 0/0
   185 | D:1      | Reached skill level 3 in Maces & Flails
   186 | D:1      | Reached XP level 2. HP: 27/27 MP: 1/1
   530 | D:1      | Reached XP level 3. HP: 30/33 MP: 2/2
   659 | D:1      | Reached skill level 4 in Maces & Flails
  1195 | D:2      | Reached XP level 4. HP: 27/41 MP: 3/3
  1340 | D:2      | Found a faded altar of an unknown god.
  1347 | D:2      | Got Plato's Tome of Feathers
  1969 | D:3      | Noticed Ijyb
  1986 | D:3      | Killed Ijyb
  1987 | D:3      | Reached skill level 5 in Maces & Flails
  2455 | D:3      | Noticed a water moccasin
  2460 | D:3      | Killed a water moccasin
  2461 | D:3      | Reached skill level 5 in Fighting
  2461 | D:3      | Reached skill level 6 in Maces & Flails
  2461 | D:3      | Reached XP level 5. HP: 34/48 MP: 4/4
  2670 | D:3      | Found a glowing golden altar of the Shining One.
  2689 | D:3      | Became a worshipper of the Shining One
  3096 | D:4      | Noticed a phantom
  3102 | D:3      | Reached XP level 6. HP: 56/56 MP: 5/5
  3202 | D:4      | Noticed Sigmund
  3207 | D:4      | Noticed Edmund
  3211 | D:4      | Killed Sigmund
  3212 | D:4      | Reached skill level 7 in Maces & Flails
  3212 | D:4      | Reached XP level 7. HP: 54/63 MP: 6/6
  3228 | D:4      | Killed Edmund
  3229 | D:4      | Reached skill level 8 in Maces & Flails
  3542 | D:4      | Found a stormy altar of Qazlal.
  3626 | D:4      | Found Qiewivy's CLEARANCE SALE!.
  3818 | D:5      | Entered Level 5 of the Dungeon
  3915 | D:5      | You fall into a shaft and drop 1 floor!
  3925 | D:6      | Identified the +0 ring mail "Dukhaity" {rElec rCorr}
  3936 | D:6      | Reached * piety under the Shining One
  3945 | D:6      | Reached skill level 9 in Maces & Flails
  4024 | D:6      | Reached XP level 8. HP: 58/73 MP: 7/7
  4351 | D:6      | Found a basalt altar of Yredelemnul.
  4418 | D:6      | Found a staircase to the Ecumenical Temple.
  4536 | D:6      | Reached skill level 10 in Maces & Flails
  5277 | D:5      | Reached ** piety under the Shining One
  5287 | D:5      | Reached skill level 11 in Maces & Flails
  5288 | D:5      | Noticed Prince Ribbit
  5312 | D:5      | Killed Prince Ribbit
  5313 | D:5      | Reached XP level 9. HP: 28/83 MP: 8/8
  5642 | D:5      | Found a glowing silver altar of Zin.
  5806 | D:5      | Noticed Menkaure
  5814 | D:5      | Killed Menkaure
  5815 | D:5      | Reached skill level 12 in Maces & Flails
  7123 | D:7      | Reached skill level 13 in Maces & Flails
  7227 | D:7      | Reached skill level 10 in Fighting
  8034 | D:8      | Reached skill level 14 in Maces & Flails
  8041 | D:8      | Reached XP level 10. HP: 40/94 MP: 9/9
  8042 | D:8      | Noticed Maurice
  8053 | D:8      | Killed Maurice
  8058 | D:8      | Noticed Psyche
  8391 | D:8      | Killed Psyche
  8487 | D:8      | Reached *** piety under the Shining One
  8535 | D:8      | Noticed a boulder beetle
  8554 | D:8      | Demolished by a boulder beetle

Illustrated notes

Levels and vault maps discovered:
D:1:      elethiomel_arrival_shortcut, layout_loops_ring
D:2:      layout_loops_cross, shapermc_ecumenical_altar_rom_forum
D:3:      layout_loops_ring, mainiacjoe_overflow_surrounded_room, st_stairs_5,
          uniq_ijyb
D:4:      layout_rooms, mainiacjoe_overflow_chevrons, nicolae_shop_clearance,
          uniq_sigmund, uniq_edmund
D:5:      layout_loops_cross, mainiacjoe_overflow_concentric_impassable,
          uniq_menkaure, uniq_prince_ribbit1
D:6:      layout_basic, nicolae_yredelemnul_corpse_copse,
          minmay_temple_entry_mist, lightli_sewer_entry_pipes,
          water_boxes_lemuel
D:7:      layout_basic
D:8:      layout_basic, uniq_psyche, uniq_amaemon, uniq_maurice

Skill      XL: |  1  2  3  4  5  6  7  8  9 10 |
---------------+-------------------------------+-----
Maces & Flails | 3 4 6 7 9 11 14 | 14.0
Fighting       | 4 5 6 7 9 10 12 | 12.5
Armour         | |  3.6
Shields        | |  3.6

Action                   |  1- 3 |  4- 6 |  7- 9 | 10-12 || total
-------------------------+-------+-------+-------+-------++-------
Melee: Flail             |    93 |    87 |   291 |    43 ||   514
       Headbutt          |     8 |    17 |    68 |    15 ||   108
Throw: Dart              |       |     1 |     2 |       ||     3
       Boomerang         |       |       |       |     6 ||     6
Invok: Divine Shield     |       |       |       |     1 ||     1
  Use: Potion            |       |     1 |       |       ||     1
Armor: Scale mail        |    40 |    15 |       |       ||    55
       Plate armour      |       |    26 |   143 |    15 ||   184
Dodge: Dodged            |    60 |    29 |    90 |     5 ||   184
Block: Buckler           |    24 |    16 |    54 |     7 ||   101
